 Dungeon Crawl Stone Soup version 0.29-a0-284-gf9362112df (webtiles) character file.

Game seed: 4654345071716886118

18 sylnyx the Stinger (level 2, -1/20 HPs)
             Began as a Draconian Venom Mage on Mar 25, 2022.
             Was a Follower of Elyvilon.
             Slain by a jackal (2 damage)
             ... on level 1 of the Dungeon.
             The game lasted 00:04:39 (1269 turns).

sylnyx the Stinger (Draconian Venom Mage)           Turns: 1269, Time: 00:04:40

Health: -1/20      AC:  4    Str: 10    XL:     2   Next: 51%
Magic:  5/5        EV: 12    Int: 15    God:    Elyvilon [*.....]
Gold:   46         SH:  0    Dex: 11    Spells: 2/5 levels left

rFire   . . .      SeeInvis .   (no weapon)
rCold   . . .      Faith    .   (no shield)
rNeg    . . .      Spirit   .   (body armour unavailable)
rPois   .          Reflect  .   (helmet restricted)
rElec   .          Harm     .   (no cloak)
rCorr   .          Rampage  .   (no gloves)
Will    .....                   (no boots)
Stlth   ++........              (no amulet)
HPRegen 0.06/turn               (no ring)
MPRegen 0.09/turn               (no ring)

@: slowed, very slow
A: AC +4, unfitting armour, cold-blooded
a: Renounce Religion, Purification


You were on level 1 of the Dungeon.
You worshipped Elyvilon.
Elyvilon was aware of your devotion.
You visited 1 branch of the dungeon, and saw 2 of its levels.

You collected 46 gold pieces.

Inventory:

Scrolls
 b - a scroll of magic mapping {unknown}
 d - a scroll of vulnerability {unknown}
Potions
 a - 2 potions of magic
 c - a potion of lignification {unknown}


   Skills:
 + Level 2.0 Dodging
 + Level 2.0 Stealth
 * Level 2.2 Spellcasting
 + Level 1.3 Transmutations
 * Level 3.2 Poison Magic


You had 2 spell levels left.
You knew the following spells:

 Your Spells              Type           Power      Damage    Failure   Level
a - Sting                 Tmut/Pois      32%        1d4       9%          1
b - Poisonous Vapours     Pois/Air       12%        N/A       17%         2

Your spell library contained the following spells:

 Spells                   Type           Power      Damage    Failure   Level
 Beastly Appendage        Tmut           10%        N/A       13%         1
 Wereblood                Tmut           5%         N/A       19%         2
 Spider Form              Tmut/Pois      8%         N/A       26%         3
 Mephitic Cloud           Conj/Pois/Air  4%         N/A       38%         3
 Olgreb's Toxic Radiance  Pois           11%        N/A       50%         4


Dungeon Overview and Level Annotations

Branches:
Dungeon (2/15)

Altars:
Elyvilon


Innate Abilities, Weirdness & Mutations

Your plain brown scales are hard. (AC +4)
You cannot fit into any form of body armour.
You are cold-blooded and may be slowed by cold attacks.


Message History

There is a stone staircase leading down here.
You climb downwards.
The jackal bites you. The jackal closely misses you. The jackal bites you.
The jackal barely misses you.
The kobold hits you with a +0 short sword.
The endoplasm barely misses you.
There is a stone staircase leading up here.
The jackal closely misses you. The jackal barely misses you.
The kobold hits you with a +0 short sword.
The endoplasm freezes you.
You are frozen.
The jackal bites you. The jackal barely misses you.
You climb upwards.
There is a stone staircase leading down here.
You hit the endoplasm but do no damage. The jackal bites you.
The kobold misses you. The endoplasm freezes you.
You are frozen.
* * * LOW HITPOINT WARNING * * *
You hit the endoplasm.
The endoplasm is moderately wounded.
The jackal closely misses you.
The endoplasm hits you but does no damage.
The kobold hits you but does no damage. The jackal barely misses you.
You hit the endoplasm but do no damage.
The endoplasm is moderately wounded.
The endoplasm freezes you.
You are frozen.
* * * LOW HITPOINT WARNING * * *
You feel yourself slow down. The jackal closely misses you.
The kobold hits you but does no damage.
You hit the endoplasm but do no damage. You tail-slap the endoplasm.
The endoplasm is severely wounded.
The jackal bites you but does no damage.
The endoplasm hits you but does no damage.
The kobold misses you. The jackal bites you. Elyvilon protects you from harm!
The kobold barely misses you. The endoplasm closely misses you.
You hit the endoplasm but do no damage.
The endoplasm is severely wounded.
The jackal misses you. The jackal bites you.
You die...

....# #......# #.#
##### #.##.### #.# #
#.#.#.## #.# #
#..###.#######.# #
######.## ##...)....#
#
#.......###.#########
# ##.#.##.#.#h## #
##.......##J## #
##..#####..#@# #
##..#.....#.hK# #
##..#.......#..#####
###..#....<....#.....#
......#.......#..###.#
###....#..)..#...# #.#
........#####..#.# #.#
#.#.###.......##.# #.#
#................# #.#


You could see an endoplasm, 2 jackals and a kobold.

Vanquished Creatures
  2 ball pythons (D:1)
  A bat (D:1)
  3 hobgoblins (D:1)
  3 quokkas (D:1)
  2 frilled lizards (D:1)
  2 kobolds (D:1)
  4 rats (D:1)
17 creatures vanquished.

Notes
Turn   | Place    | Note
-------+----------+-------------------------------------------
     0 | D:1      | sylnyx the Draconian Venom Mage began the quest for the
                  | Orb.
     0 | D:1      | Reached XP level 1. HP: 14/14 MP: 3/3
   346 | D:1      | Reached XP level 2. HP: 20/20 MP: 3/5
   349 | D:1      | Learned a level 2 spell: Poisonous Vapours
   759 | D:1      | Found a faded altar of an unknown god.
   769 | D:1      | Prayed at the altar of an unknown god.
   769 | D:1      | Became a worshipper of Elyvilon the Healer
   769 | D:1      | Reached * piety under Elyvilon
  1267 | D:1      | HP: 1/20 [frozen (4)]
  1268 | D:1      | Elyvilon protects you from harm!
  1269 | D:1      | Slain by a jackal

Illustrated notes

Levels and vault maps discovered:
D:1:      scummos_arrival_hexagon, layout_loops_ring,
          ebering_ecumenical_altar_hall
D:2:      layout_rooms, basic_altar, serial_shops,
          nicolae_shop_bloodbath_and_beyond

Skill      XL: |  1  2 |
---------------+-------+-----
Stealth        | 2 |  2.0
Dodging        | 2 |  2.0
Spellcasting   | |  2.2
Transmutations | |  1.3
Poison Magic   | |  3.2

Action                   || total
-------------------------++-------
Melee: Unarmed           ||    35
       Tailslap          ||     7
 Cast: Sting             ||     9
       Poisonous Vapours ||     7
Armor: Skin              ||    13
Dodge: Dodged            ||    35

Table legend: (Time is in decaauts)
 A = Elapsed time spent in this place.
 B = Non-inter-level travel time spent in this place.
 C = Inter-level travel time spent in this place.
 D = Time resting spent in this place.
 E = Time spent auto-exploring this place.
 F = Levels seen in this place.
 G = Mean time per level.
                   A        B        C        D        E       F      G
               +--------+--------+--------+--------+--------+-----+--------+
         Total |   1270 |   1254 |     16 |    365 |    564 |   2 |  635.0 |
       Dungeon |   1270 |   1254 |     16 |    365 |    564 |   2 |  635.0 |
               +--------+--------+--------+--------+--------+-----+--------+

Top non-repeatable levels by time:
     D:1: 1265 daAuts
     D:2: 5 daAuts
